 Dungeon Crawl Stone Soup version 0.30.1-11-g7821555f0a (webtiles) character file.

Game seed: 2828451646296714359

80 Okkudo the Chopper (level 4, -3/41 HPs)
             Began as a Hill Orc Monk on Dec 7, 2023.
             Slain by a gnoll
             ... wielding a +0 halberd
              (15 damage)
             ... on level 2 of the Dungeon.
             The game lasted 00:03:17 (1179 turns).

Okkudo the Chopper (Hill Orc Monk)                  Turns: 1179, Time: 00:03:18

Health: -3/41      AC:  3    Str: 15    XL:     4   Next: 39%
Magic:  4/4        EV: 12    Int: 10    God:
Gold:   124        SH:  0    Dex: 13    Spells: 3/3 levels left

rFire   . . .        a - +0 hand axe
rCold   . . .        d - orb {light}
rNeg    . . .        j - +0 leather armour
rPois   .            (no helmet)
rElec   .            (no cloak)
rCorr   .            (no gloves)
SInv    .            (no boots)
Will    +....        (no amulet)
Stlth   +            k - ring of willpower
HPRegen 0.26/turn    (no ring)
MPRegen 0.09/turn

%: no passive effects
@: confused, ambrosia-drunk, glowing
A: no striking features
a: no special abilities


You were on level 2 of the Dungeon.
You visited 1 branch of the dungeon, and saw 2 of its levels.

You collected 124 gold pieces.

Inventory:

Hand Weapons
 a - a +0 hand axe (weapon)
Missiles
 n - a throwing net (quivered)
Armour
 d - an orb of light (worn)
 j - a +0 leather armour (worn)
Jewellery
 k - a ring of willpower (left hand)
 o - an amulet of the acrobat
Scrolls
 e - a scroll of noise {unknown}
 f - 2 scrolls of blinking {unknown}
 g - 2 scrolls of identify {unknown}
 i - 2 scrolls of torment {unknown}
Potions
 b - a potion of berserk rage {unknown}
 h - 3 potions of mutation {unknown}
 l - 2 potions of lignification {unknown}
 m - a potion of flight {unknown}


   Skills:
 + Level 4.6 Fighting
 + Level 5.0 Axes
 + Level 3.1 Dodging


You had 3 spell levels left.
You didn't know any spells.
Your spell library was empty.

Dungeon Overview and Level Annotations

Branches:
Dungeon (2/15)

Altars:
Elyvilon


Message History

The gnoll barely misses you.
The gnoll hits you from afar with a +0 halberd!
Things that are here:
a +0 dagger; a kobold corpse The gnoll misses you.
A gnoll comes into view. It is wielding a +0 club.
You completely miss the gnoll.
The gnoll shouts!
You hear a shout!
The gnoll hits you with a +0 halberd.
You hit the gnoll.
The gnoll is heavily wounded.
The gnoll barely misses you. x2
You hit the gnoll.
The gnoll is heavily wounded.
You hit the gnoll. The gnoll hits you with a +0 halberd!
* * * LOW HITPOINT WARNING * * *
The gnoll hits you with a +0 club.
* * * LOW HITPOINT WARNING * * *
You are confused.
You feel invigorated. The gnoll barely misses you.
The gnoll hits you with a +0 club.
* * * LOW HITPOINT WARNING * * *
You're too confused to move!
A gnoll comes into view. It is wielding a +0 club.
The gnoll closely misses you. The gnoll hits you but does no damage.
The gnoll shouts!
You hit the gnoll.
The gnoll is heavily wounded.
You hit the gnoll but do no damage.
A gnoll comes into view. It is wielding a +0 club.
The gnoll closely misses you.
You barely miss the gnoll.
The gnoll is heavily wounded.
You hit the gnoll but do no damage. The gnoll hits you with a +0 halberd!
* * * LOW HITPOINT WARNING * * *
The gnoll hits you with a +0 club.
* * * LOW HITPOINT WARNING * * *
The gnoll attacks as you move away! The gnoll barely misses you.
The gnoll hits you from afar with a +0 halberd!
You die...

#.####.....##.... ...
...#..###...#.......
.................†......
#....#.................
#.. ..................
#.#.............###..
.###..#............# #..
...................####.
#.#@.###............
#gg.####............
###g)#.............#
##..#.#.......##...
#...)†.........#..#
#.....#...#.........
#...#####.##..#....<.
#....# #.......#.####.
..#######.#..#..#.## #.


You could see 3 gnolls.

Vanquished Creatures
  3 gnolls (D:2)
  An adder (D:2)
  A worm (D:2)
  7 endoplasms
  A giant cockroach (D:1)
  3 goblins (D:1)
  4 hobgoblins
  A quokka (D:1)
  5 ball pythons
  3 bats (D:1)
  7 kobolds
  3 rats
39 creatures vanquished.

Notes
Turn   | Place    | Note
-------+----------+-------------------------------------------
     0 | D:1      | Okkudo the Hill Orc Monk began the quest for the Orb.
     0 | D:1      | Reached XP level 1. HP: 19/19 MP: 1/1
   228 | D:1      | Reached XP level 2. HP: 22/27 MP: 2/2
   609 | D:1      | Reached XP level 3. HP: 29/33 MP: 3/3
   930 | D:2      | Reached XP level 4. HP: 23/41 MP: 4/4
  1043 | D:2      | Found a white marble altar of Elyvilon.
  1152 | D:2      | Reached skill level 5 in Axes
  1179 | D:2      | Slain by a gnoll

Illustrated notes

Levels and vault maps discovered:
D:1:      lemuel_arrival_broad_hall, layout_basic, st_stairs_5, minivault_25,
          chequers_serial_rivers_micro_d, amethyst_killhole,
          chequers_serial_rivers_room_b, grunt_decor_clamped,
          corexii_item_surrounded_by_moat
D:2:      layout_rooms, basic_altar, chequers_ecumenical_altar_twisty

Skill      XL: |  1  2  3  4 |
---------------+-------------+-----
Fighting       | 4 |  4.6
Dodging        | 3 |  3.1
Axes           | 5 |  5.0

Action                     |  1- 3 |  4- 6 || total
---------------------------+-------+-------++-------
  Melee: Hand axe          |   106 |    23 ||   129
    Use: Potion            |     1 |     1 ||     2
 Armour: Robe              |     9 |       ||     9
         Leather armour    |     9 |     4 ||    13
  Dodge: Dodged            |    73 |    17 ||    90
